 Dungeon Sprint DCSS version 0.27-a0-1332-g84bddb5ca7 (webtiles) character file.

Game seed: 8034833627529645612

8558 mhtbhm the Sorcerer (level 11, -7/55 HPs)
             Began as a Deep Elf Earth Elementalist on June 25, 2021.
             Was the Champion of Vehumet.
             Mangled by a salamander mystic (18 damage)
             ... in the Dungeon (Sprint VII: "The Pits").
             The game lasted 00:04:48 (1842 turns).

mhtbhm the Sorcerer (Deep Elf Earth Elementalist)   Turns: 1842, Time: 00:04:48

Health: -7/55      AC:  5    Str:  8    XL:     11   Next: 11%
Magic:  28/38      EV: 15    Int: 24    God:    Vehumet [******]
Gold:   0          SH:  0    Dex: 18    Spells: 32/53 levels left

rFire    . . .     SeeInvis .   a - +4 quarterstaff (speed)
rCold    . . .     Faith    .   (shield currently unavailable)
rNeg     . . .     Spirit   .   b - +2 robe {Will+}
rPois    .         Reflect  .   (no helmet)
rElec    .         Harm     .   (no cloak)
rCorr    .         Rampage  .   q - +0 pair of gloves
Will     ++...     NoTele   +   (no boots)
Stlth    +++.......             (no amulet)
HPRegen  0.18/turn              m - +3 ring of dexterity
MPRegen  0.26/turn              n - +3 ring of strength

@: no status effects
A: no striking features
a: Renounce Religion


You were in the Dungeon.
You worshipped Vehumet.
Vehumet was exalted by your worship.
You visited 1 branch

Inventory:

Hand Weapons
 a - a +4 quarterstaff of speed (weapon)
Missiles
 i - 22 stones
Armour
 b - a +2 robe of willpower (worn)
 q - a +0 pair of gloves (worn)
Jewellery
 m - a +3 ring of dexterity (left hand)
 n - a +3 ring of strength (right hand)
Scrolls
 h - a scroll of blinking
 j - 5 scrolls of amnesia
 k - a scroll of summoning
Potions
 c - 8 potions of curing
 d - 7 potions of heal wounds
 e - a potion of haste
 f - 3 potions of magic
 g - 3 potions of berserk rage
 l - 2 potions of invisibility
 o - a potion of brilliance
 p - a potion of might


   Skills:
 + Level 0.7 Fighting
 + Level 5.5 Dodging
 + Level 6.2 Stealth
 + Level 21.9 Spellcasting
 + Level 2.2 Conjurations
 + Level 2.1 Transmutations
 + Level 19.1 Earth Magic


You had 32 spell levels left.
You knew the following spells:

 Your Spells              Type           Power      Damage    Failure   Level
a - Sandblast             Erth           100%       2d20      0%          1
b - Passwall              Tmut/Erth      55%        N/A       1%          2
c - Stone Arrow           Conj/Erth      100%       3d13      1%          3
d - Lee's Rapid Deconstr  Erth           43%        3d22*     0%          5
e - Petrify               Tmut/Erth      67%        N/A       1%          4
f - Iron Shot             Conj/Erth      33%        9d7       1%          6

Your spell library contained the following spells:

 Spells                   Type           Power      Damage    Failure   Level
 Eringya's Noxious Bog    Tmut/Pois      15%        N/A       36%         6


Dungeon Overview and Level Annotations

Branches:
Dungeon (1/1)

Altars:
Ashenzari
Cheibriados
Dithmenos
Elyvilon
Fedhas
Gozag
Hepliaklqana
Kikubaaqudgha
Makhleb
Nemelex Xobeh
Okawaru
Qazlal
Ru
Sif Muna
Trog
Uskayaw
Vehumet
Wu Jian
Xom
Yredelemnul
Zin
The Shining One
Beogh
Jiyva
Lugonu


Message History

You don't have enough magic to cast this spell.
You feel sick.
Unknown command.
You feel better.
Unknown command.
You aren't carrying any items that you can evoke.
Unknown command.
You feel much better.
Unknown command.
Magic courses through your body. The naga mage casts a spell at you.
The bolt of poison hits you!
You are poisoned.
Unknown command.
Casting: Lee's Rapid Deconstruction (safe; 0% risk of failure)
Confirm with . or Enter, or press ? or * to list all spells.
Aiming: Lee's Rapid Deconstruction (safe; 0% risk of failure)
Press: ? - help, Dir - move target A metal wall.
The metal wall shatters!
The blast of metal fragments hits the naga mage!!!
You kill the naga mage!
Vehumet accepts your kill.
You feel your power returning.
The blast of metal fragments hits the hobgoblin!!!
You kill the hobgoblin!
Vehumet accepts your kill.
You feel very sick.
The salamander mystic hits you with a +0 dagger!
You are engulfed in flames!!
* * * LOW HITPOINT WARNING * * *
Unknown command.
Unknown command.
Unknown command.
Okay, then.
You feel better.
The salamander mystic hits you with a +0 dagger.
* * * LOW HITPOINT WARNING * * *
You are engulfed in flames!!
You die... ÷.......# #'÷###### #'÷########### ###### #......+..'...### ..... #÷.....+..')....## ge..

#.....##.)##.....##
...#
#[..###....###....#
...#
#..##....)...###.###§.#
#''#...#..#...#)@).#..#
#...).........'..N))..+
#''#...#..#...#....#..#
#†.##........###.###..#
#...###....###†...#
.N3#
#.....##..##)....##
@N.# ##.....+..'.....##
..N. ###...+..'...###
N.... ###########
######


You could see a salamander mystic.

Vanquished Creatures
  Erica (D)
  A deep troll (D)
  An orc knight (D)
  A deep elf pyromancer (D)
  An ugly thing (D)
  Maurice (D)
  2 naga magi (D)
  2 molten gargoyles (D)
  An orange demon (D)
  Psyche (D)
  A komodo dragon (D)
  A hellwing (D)
  A jumping spider (D)
  4 dream sheep (D)
  5 blink frogs (D)
  2 redbacks (D)
  A ynoxinul (D)
  Sigmund (D)
  A fire elemental (D)
  A naga (D)
  A floating eye (D)
  An orc warrior (D)
  A swamp drake (D)
  An ice beast (D)
  A sky beast (D)
  A necrophage (D)
  A wolf (D)
  A crimson imp (D)
  2 orc priests (D)
  A hound (D)
  Jessica (D)
  Terence (D)
  An orc wizard (D)
  2 mummies (D)
  2 gnolls (D)
  A river rat (D)
  6 orcs (D)
  3 endoplasms (D)
  A giant cockroach (D)
  A goblin (D)
  A hobgoblin (D)
  4 jackals (D)
  2 ball pythons (D)
  A frilled lizard (D)
  A giant cockroach zombie (D)
69 creatures vanquished.

Notes
Turn   | Place    | Note
-------+----------+-------------------------------------------
     0 | D        | mhtbhm the Deep Elf Earth Elementalist began the quest for
                  | the Orb.
     0 | D        | Reached XP level 1. HP: 10/10 MP: 6/6
    18 | D        | Found a bloodstained altar of Trog.
    18 | D        | Found a shimmering blue altar of Sif Muna.
    18 | D        | Found a viscous altar of Jiyva.
    18 | D        | Found a hazy altar of Hepliaklqana.
    18 | D        | Found an opulent altar of Gozag.
    19 | D        | Found a glowing golden altar of the Shining One.
    19 | D        | Found a glowing silver altar of Zin.
    19 | D        | Found a basalt altar of Yredelemnul.
    19 | D        | Found a shimmering altar of Xom.
    19 | D        | Found an ornate altar of the Wu Jian Council.
    19 | D        | Found a sacrificial altar of Ru.
    19 | D        | Found a stormy altar of Qazlal.
    19 | D        | Found an iron altar of Okawaru.
    19 | D        | Found a sparkling altar of Nemelex Xobeh.
    19 | D        | Found a burning altar of Makhleb.
    19 | D        | Found a blossoming altar of Fedhas.
    19 | D        | Found a white marble altar of Elyvilon.
    19 | D        | Found a shadowy altar of Dithmenos.
    19 | D        | Found a snail-covered altar of Cheibriados.
    21 | D        | Found a radiant altar of Vehumet.
    21 | D        | Found a corrupted altar of Lugonu.
    22 | D        | Found a hide-covered altar of Uskayaw.
    22 | D        | Found an ancient bone altar of Kikubaaqudgha.
    22 | D        | Found a broken altar of Ashenzari.
    29 | D        | Became a worshipper of Vehumet
   117 | D        | Reached * piety under Vehumet
   117 | D        | Offered knowledge of Foxfire by Vehumet.
   131 | D        | Reached skill level 4 in Spellcasting
   131 | D        | Reached XP level 2. HP: 15/15 MP: 5/9
   171 | D        | Reached skill level 5 in Earth Magic
   174 | D        | Reached ** piety under Vehumet
   176 | D        | Reached skill level 5 in Spellcasting
   346 | D        | Offered knowledge of Shock by Vehumet.
   347 | D        | Reached skill level 6 in Spellcasting
   347 | D        | Reached XP level 3. HP: 19/19 MP: 8/12
   527 | D        | Learned a level 2 spell: Passwall
   531 | D        | Learned a level 3 spell: Stone Arrow
   538 | D        | Offered knowledge of Dazzling Flash by Vehumet.
   560 | D        | Reached *** piety under Vehumet
   560 | D        | Noticed a necrophage
   568 | D        | Killed a necrophage
   569 | D        | Reached skill level 8 in Spellcasting
   569 | D        | Reached XP level 4. HP: 24/24 MP: 9/16
   569 | D        | Reached XP level 5. HP: 28/28 MP: 9/17
   627 | D        | Learned a level 5 spell: Lee's Rapid Deconstruction
   632 | D        | Learned a level 4 spell: Petrify
   640 | D        | Noticed Sigmund
   641 | D        | Reached skill level 9 in Spellcasting
   641 | D        | Reached skill level 1 in Conjurations
   641 | D        | Killed Sigmund
   641 | D        | Reached **** piety under Vehumet
   642 | D        | Reached skill level 5 in Stealth
   642 | D        | Reached skill level 11 in Spellcasting
   642 | D        | Reached skill level 10 in Earth Magic
   642 | D        | Reached XP level 6. HP: 32/32 MP: 12/22
   729 | D        | Noticed Terence
   734 | D        | Killed Terence
   734 | D        | Offered knowledge of Airstrike by Vehumet.
   861 | D        | Noticed Jessica
   862 | D        | Reached ***** piety under Vehumet
   862 | D        | Killed Jessica
   863 | D        | Reached skill level 12 in Spellcasting
   864 | D        | Reached XP level 7. HP: 36/36 MP: 14/24
  1015 | D        | Noticed an orc knight
  1015 | D        | Noticed a deep troll
  1018 | D        | Offered knowledge of Conjure Flame by Vehumet.
  1021 | D        | Killed a deep troll
  1022 | D        | Reached skill level 14 in Spellcasting
  1022 | D        | Reached XP level 8. HP: 41/41 MP: 14/28
  1023 | D        | Killed an orc knight
  1023 | D        | Reached ****** piety under Vehumet
  1024 | D        | Reached skill level 16 in Spellcasting
  1229 | D        | Noticed a blink frog
  1229 | D        | Noticed a blink frog
  1229 | D        | Noticed a blink frog
  1229 | D        | Noticed a blink frog
  1229 | D        | Noticed a blink frog
  1229 | D        | Noticed a dream sheep
  1229 | D        | Noticed a dream sheep
  1229 | D        | Noticed a dream sheep
  1229 | D        | Noticed a dream sheep
  1230 | D        | Killed a blink frog
  1230 | D        | Offered knowledge of Conjure Ball Lightning by Vehumet.
  1230 | D        | Killed a blink frog
  1230 | D        | Killed a blink frog
  1231 | D        | Reached skill level 17 in Spellcasting
  1231 | D        | Reached XP level 9. HP: 25/45 MP: 30/32
  1235 | D        | Reached skill level 18 in Spellcasting
  1235 | D        | Reached skill level 15 in Earth Magic
  1328 | D        | Noticed Erica
  1333 | D        | Killed Erica
  1334 | D        | Reached skill level 5 in Dodging
  1334 | D        | Reached skill level 19 in Spellcasting
  1335 | D        | Reached XP level 10. HP: 50/50 MP: 19/35
  1345 | D        | Killed a molten gargoyle
  1464 | D        | Noticed a cyan ugly thing
  1466 | D        | Noticed an orange demon
  1468 | D        | Killed a cyan ugly thing
  1469 | D        | Reached skill level 20 in Spellcasting
  1471 | D        | Killed an orange demon
  1629 | D        | Noticed a molten gargoyle
  1632 | D        | Killed a molten gargoyle
  1632 | D        | Offered knowledge of Iron Shot by Vehumet.
  1658 | D        | Noticed Psyche
  1666 | D        | Killed Psyche
  1672 | D        | Reached skill level 21 in Spellcasting
  1820 | D        | Learned a level 6 spell: Iron Shot
  1824 | D        | Noticed a deep elf pyromancer
  1824 | D        | Noticed a naga mage
  1824 | D        | Noticed a naga mage
  1824 | D        | Noticed a salamander mystic
  1824 | D        | Noticed Maurice
  1829 | D        | Killed Maurice
  1829 | D        | Offered knowledge of Eringya's Noxious Bog by Vehumet.
  1835 | D        | Killed a deep elf pyromancer
  1835 | D        | Killed a naga mage
  1836 | D        | Reached XP level 11. HP: 20/55 MP: 6/38
  1842 | D        | Mangled by a salamander mystic

Illustrated notes

Levels and vault maps discovered:
D:        pitsprint [storerooms_1, entrance_room_1, metal_vault_4, armoury_1,
          mini_pit_1, grid_room_1, main_hall_1, silver_pit, the_coven_1,
          the_vestibule_1, steel_vault_3, golden_pit, hallway_of_sentries,
          crystal_vault_1, iron_vault_4, final_vault]

Skill      XL: |  1  2  3  4  5  6  7  8  9 10 11 |
---------------+----------------------------------+-----
Earth Magic    | 4 6 8 10 11 13 14 16 18 19 | 19.1
Stealth        | 3 4 5 6 |  6.2
Spellcasting   | 4 6 8 11 12 14 17 19 21 | 21.9
Dodging        | 3 4 5 |  5.5
Conjurations   | 1 2 |  2.2
Transmutations | 2 |  2.1
Fighting       | |  0.7

Action                   |  1- 3 |  4- 6 |  7- 9 | 10-12 || total
-------------------------+-------+-------+-------+-------++-------
 Cast: Sandblast         |    18 |       |       |       ||    18
       Stone Arrow       |     3 |       |       |       ||     3
       Lee's Rapid Decon |       |     8 |    15 |    28 ||    51
       Petrify           |       |     1 |       |       ||     1
  Use: Potion            |       |       |     2 |     4 ||     6
Armor: Robe              |       |       |     2 |     1 ||     3
Dodge: Dodged            |     1 |     1 |     8 |     4 ||    14

Table legend: (Time is in decaauts)
 A = Elapsed time spent in this place.
 B = Non-inter-level travel time spent in this place.
 C = Inter-level travel time spent in this place.
 D = Time resting spent in this place.
 E = Time spent auto-exploring this place.
 F = Levels seen in this place.
 G = Mean time per level.
                   A        B        C        D        E       F      G
               +--------+--------+--------+--------+--------+-----+--------+
         Total |   1839 |   1839 |      0 |   1283 |     87 |   1 | 1839.0 |
       Dungeon |   1839 |   1839 |      0 |   1283 |     87 |   1 | 1839.0 |
               +--------+--------+--------+--------+--------+-----+--------+

Top non-repeatable levels by time:
       D: 1839 daAuts
